 Dungeon Crawl Stone Soup version 0.28.0-53-g5a82cb258f (webtiles) character file.

Game seed: 13499896654896812062

338 tizbic2 the Skirmisher (level 6, 0/66 HPs)
             Began as an Ogre Summoner on July 17, 2022.
             Was an Initiate of Ashenzari.
             Slain by a gnoll
             ... wielding a +0 whip
              (2 damage)
             ... on level 4 of the Dungeon.
             The game lasted 00:24:54 (4684 turns).

tizbic2 the Skirmisher (Ogre Summoner)              Turns: 4684, Time: 00:24:54

Health: 0/66       AC:  3    Str: 15    XL:     6   Next: 55%
Magic:  10/10      EV:  9    Int: 18    God:    Ashenzari [......]
Gold:   301        SH:  0    Dex:  9    Spells: 0/11 levels left

rFire   x . .      SeeInvis .   a - +0 broad axe (vamp)
rCold   + . .      Faith    .   (no shield)
rNeg    . . .      Spirit   .   p - +0 robe
rPois   .          Reflect  .   (helmet restricted)
rElec   .          Harm     .   (no cloak)
rCorr   .          Rampage  .   (gloves unavailable)
Will    .....                   (boots unavailable)
Stlth   +.........              (no amulet)
HPRegen 0.21/turn               g - ring of Panopticon {Ice, Self, Elem} (curse)
MPRegen 0.12/turn               (no ring)

@: no status effects
A: large, unfitting armour, tough skin 1, mutation resistance 1, strong 1
a: Renounce Religion, Shatter the Chains


You were on level 4 of the Dungeon.
You worshipped Ashenzari.
Ashenzari was noncommittal.
You visited 2 branches of the dungeon, and saw 6 of its levels.

You collected 309 gold pieces.
You donated 8 gold pieces to Zin.

Inventory:

Hand Weapons
 a - a +0 vampiric broad axe (weapon)
 e - a +2 hand axe of venom
 w - a +4 dagger of pain
Missiles
 d - 5 poisoned darts
 h - 113 stones
 j - 2 throwing nets
 m - 2 boomerangs
Armour
 p - a +0 robe (worn)
Jewellery
 g - the cursed ring of Panopticon (left hand) {Ice, Self, Elem}
   (You found it on level 1 of the Dungeon)

   [ring of ice]

   It enhances your ice magic.
   rF:        It makes you vulnerable to fire.
   rC:        It protects you from cold.
   It has a curse which improves the following skills: Introspection: Fighting
   and Spellcasting.
   Elements:  Fire Magic, Ice Magic, Air Magic and Earth Magic.
 o - a ring of wizardry
Scrolls
 b - a scroll of blinking
 q - 2 scrolls of vulnerability
 r - a scroll of immolation {unknown}
 s - a scroll of teleportation
Potions
 c - a potion of mutation
 f - 2 potions of brilliance {unknown}
 i - a potion of degeneration {unknown}
 k - 3 potions of attraction {unknown}
 l - 2 potions of curing {unknown}
 n - 3 potions of flight {unknown}
 t - 2 potions of heal wounds {unknown}


   Skills:
 * Level 5.1(5.5) Fighting
 + Level 2.1 Short Blades
 - Level 1.7 Dodging
 - Level 1.4 Stealth
 - Level 2.7(3.1) Spellcasting
 - Level 3.6 Summonings
 * Level 3.0 Necromancy
 - Level 1.2(1.5) Air Magic


You couldn't memorise any spells.
You knew the following spells:

 Your Spells              Type           Power      Damage    Failure   Level
a - Summon Small Mammal   Summ           60%        N/A       3%          1
b - Call Canine Familiar  Summ           15%        N/A       11%         3
c - Foxfire               Conj/Fire      8%         2x1d4     16%         1
d - Summon Lightning Spi  Summ/Air       12%        N/A       50%         4
e - Sublimation of Blood  Necr           13%        N/A       7%          2

Your spell library contained the following spells:

 Spells                   Type           Power      Damage    Failure   Level
 Call Imp                 Summ           15%        N/A       5%          2
 Summon Guardian Golem    Hex/Summ       9%         N/A       22%         3
 Wereblood                Tmut           2%         N/A       24%         2
 Conjure Flame            Conj/Fire      2%         6-21      43%         3
 Ignite Poison            Fire/Tmut/Pois 2%         N/A       43%         3
 Inner Flame              Hex/Fire       2%         N/A       43%         3
 Flame Wave               Conj/Fire      2%         2d4       85%         4
 Passage of Golubria      Tloc           2%         N/A       85%         4
 Sticky Flame             Conj/Fire      2%         2d3       85%         4
 Silence                  Hex/Air        2%         N/A       97%         5
 Summon Hydra             Summ           7%         N/A       100%        7
 Lehudib's Crystal Spear  Conj/Erth      1%         10d2      100%        8


Dungeon Overview and Level Annotations

Branches:
Dungeon (5/15)             Temple (1/1) D:4

Altars:
Ashenzari
Cheibriados
Dithmenos
Elyvilon
Fedhas
Gozag
Hepliaklqana
Kikubaaqudgha
Makhleb
Nemelex Xobeh
Okawaru
Qazlal
Sif Muna
Trog
Uskayaw
Vehumet
Wu Jian
Xom
Yredelemnul
Zin
The Shining One


Innate Abilities, Weirdness & Mutations

You are too large for most types of armour.
You have tough skin. (AC +1)
You are somewhat resistant to further mutation.
Your muscles are strong. (Str +2)


Message History

a +0 whip; a +0 club; a gnoll corpse You barely miss the gnoll shaman.
The gnoll shaman is heavily wounded.
The gnoll shaman hits you with a +0 quarterstaff. x2
You slash the gnoll shaman!
The gnoll shaman is almost dead.
The gnoll shaman barely misses you.
You slash the gnoll shaman!
You feel better.
You kill the gnoll shaman!
The gnoll hits you with a +0 whip!
The gnoll hits you from afar with a +0 spear.
Your Necromancy skill increases to level 3!
You swap places.
The gnoll closely misses your hound.
Your hound bites the gnoll.
The gnoll hits your hound with a +0 whip.
Your hound dies!
Your hound's corpse disappears in a puff of smoke!
The gnoll hits you with a +0 spear!
You closely miss the gnoll. You barely miss the gnoll.
The gnoll hits you with a +0 whip. The gnoll completely misses you.
The gnoll hits you with a +0 spear. The gnoll closely misses you.
You hit the gnoll.
You feel better.
The gnoll is moderately wounded.
You hit the gnoll. The gnoll hits you with a +0 whip!
The gnoll hits you with a +0 spear.
* * * LOW HITPOINT WARNING * * *
The gnoll barely misses you. The gnoll closely misses you.
You hit the gnoll.
The gnoll is severely wounded.
You barely miss the gnoll. The gnoll hits you with a +0 whip.
* * * LOW HITPOINT WARNING * * *
The gnoll hits you with a +0 spear.
* * * LOW HITPOINT WARNING * * *
The gnoll hits you with a +0 whip.
* * * LOW HITPOINT WARNING * * *
Okay, then.
The gnoll hits you from afar with a +0 spear.
* * * LOW HITPOINT WARNING * * *
The gnoll hits you with a +0 whip.
You die...

#......# #.......# #......#
##......# '......#
#......####### #......#
#............# #......#
#.###'######.# ......## #)#
#.#....#.# ......##
#g###.#.##.#.#
.......#######..##.#.##.#.#
.......'.....).g@...>##.#.#
####...########.#..####.#.#
##### #....# #.#.#
#########...# #.#.#
#......##...# #.#.#
#......'....# #.#.#
#......###.## #.#.#
##'#........# #.#.#
#.#.#####..# #.#.#


You could see 2 gnolls.

Vanquished Creatures
  Menkaure (D:5)
  A hound (D:4)
  A gnoll shaman (D:4)
  3 gnolls
  An adder (D:4)
  A worm (D:3)
  5 orcs (D:3)
  A bat (D:2)
  4 endoplasms
  3 giant cockroaches
  5 goblins
  A hobgoblin (D:4)
  A quokka (D:2)
  5 ball pythons
  4 frilled lizards
  3 kobolds
  2 rats
42 creatures vanquished.

Vanquished Creatures (collateral kills)
  3 gnolls
  An adder (D:5)
  An ufetubus (D:4)
  2 worms
  3 orcs (D:3)
  A bat (D:1)
  4 endoplasms
  2 hobgoblins
  3 jackals (D:2)
  A frilled lizard (D:3)
  3 kobolds (D:2)
24 creatures vanquished.

Vanquished Creatures (others)
  10 foxfires
10 creatures vanquished.

Grand Total: 76 creatures vanquished

Notes
Turn   | Place    | Note
-------+----------+-------------------------------------------
     0 | D:1      | tizbic2 the Ogre Summoner began the quest for the Orb.
     0 | D:1      | Reached XP level 1. HP: 16/16 MP: 3/3
   463 | D:1      | Reached XP level 2. HP: 26/26 MP: 5/5
   590 | D:1      | Reached skill level 1 in Air Magic
   603 | D:1      | Reached skill level 1 in Fighting
  1052 | D:2      | You fall into a shaft and drop 2 floors!
  1238 | D:4      | Found a staircase to the Ecumenical Temple.
  1243 | Temple   | Entered the Ecumenical Temple
  1309 | Temple   | Became a worshipper of the Shining One
  1314 | Temple   | Fell from the grace of the Shining One
  1314 | Temple   | Became a worshipper of Zin the Law-Giver
  1332 | Temple   | Fell from the grace of Zin
  1332 | Temple   | Became a worshipper of Elyvilon the Healer
  1387 | Temple   | Fell from the grace of Elyvilon
  1387 | Temple   | Became a worshipper of Ashenzari the Shackled
  1548 | D:4      | Reached skill level 2 in Fighting
  1548 | D:4      | Reached skill level 1 in Necromancy
  1548 | D:4      | Reached XP level 3. HP: 13/35 MP: 1/7
  1812 | D:4      | Learned a level 3 spell: Call Canine Familiar
  1997 | D:4      | Reached XP level 4. HP: 44/44 MP: 4/8
  2173 | D:5      | Entered Level 5 of the Dungeon
  2397 | D:5      | Noticed Menkaure
  2409 | D:5      | Killed Menkaure
  2410 | D:5      | Reached skill level 4 in Fighting
  2410 | D:5      | Reached skill level 1 in Short Blades
  2410 | D:5      | Reached XP level 5. HP: 19/54 MP: 3/9
  3074 | D:2      | Learned a level 1 spell: Foxfire
  3130 | D:2      | Reached XP level 6. HP: 62/63 MP: 5/10
  3758 | D:3      | Learned a level 4 spell: Summon Lightning Spire
  3773 | D:3      | Learned a level 2 spell: Sublimation of Blood
  3900 | D:3      | Gained mutation: Your muscles are strong. (Str +2) [potion
                  | of mutation]
  3900 | D:3      | Gained mutation: You are somewhat resistant to further
                  | mutation. [potion of mutation]
  4669 | D:4      | Reached skill level 5 in Fighting
  4684 | D:4      | HP: 2/66 [gnoll/+0 spear (3)]
  4684 | D:4      | Slain by a gnoll

Illustrated notes

Levels and vault maps discovered:
D:1:      dpeg_arrival_castle, layout_loops_cross
D:2:      layout_basic, patterned_corridor
D:3:      layout_loops_ring, minmay_cupped
D:4:      layout_basic, minmay_temple_entry_sparse_star
D:5:      layout_layer_cave, uniq_menkaure, uniq_sigmund
Temple:   nicolae_temple_the_god_donut

Skill      XL: |  1  2  3  4  5  6 |
---------------+-------------------+-----
Air Magic      | 1 |  1.2
Fighting       | 2 4 5 |  5.1
Necromancy     | 1 2 3 |  3.0
Short Blades   | 1 2 |  2.1
Dodging        | |  1.7
Stealth        | |  1.4
Spellcasting   | |  2.7
Summonings     | |  3.6

Action                   |  1- 3 |  4- 6 || total
-------------------------+-------+-------++-------
Melee: Dagger            |    70 |    44 ||   114
       Unarmed           |     3 |       ||     3
       Punch             |     1 |     1 ||     2
       Broad axe         |       |    45 ||    45
       Hand axe          |       |    20 ||    20
 Cast: Summon Small Mamm |    40 |     3 ||    43
       Call Canine Famil |     2 |    16 ||    18
       Foxfire           |       |     6 ||     6
Invok: Curse Item        |       |     1 ||     1
  Use: Scroll            |     1 |     7 ||     8
       Potion            |       |     1 ||     1
 Stab: Distracted        |       |     2 ||     2
       Sleeping          |       |     1 ||     1
Armor: Robe              |    28 |    23 ||    51
Dodge: Dodged            |    43 |    50 ||    93
